 Dungeon Crawl Stone Soup version 0.19.0-20-gbc5f0c6 (webtiles) character file.

1684 grisgris the Slasher (level 8, -5/54 HPs)
             Began as a Demonspawn Gladiator on Nov 16, 2016.
             Was a Follower of Hepliaklqana.
             Killed from afar by an orc wizard (9 damage)
             ... with a puff of frost
             ... on level 6 of the Dungeon.
             The game lasted 00:11:06 (4399 turns).

grisgris the Slasher (Demonspawn Gladiator)         Turns: 4399, Time: 00:11:06

Health: -5/54      AC: 11    Str: 17    XL:     8   Next: 71%
Magic:  8/8        EV:  9    Int: 10    God:    Hepliaklqana [*.....]
Gold:   284        SH:  0    Dex: 18    Spells: 0 memorised, 7 levels left

rFire  + . .     SeeInvis .     a - +0 long sword
rCold  . . .     Gourm    .     x - +0 chain mail
rNeg   . . .     Faith    .     (no shield)
rPois  .         Spirit   .     (helmet restricted)
rElec  .         Reflect  .     (no cloak)
rCorr  .         Harm     .     g - +0 pair of gloves
MR     .....                    (no boots)
Stlth  ..........               (no amulet)
                                b - +4 ring of dexterity
                                k - ring of protection from fire

@: no status effects
A: reduced essence, horns 2, powered by death 1, spiny 2
a: Recall Ancestor, Ancestor Identity, Renounce Religion


You were on level 6 of the Dungeon.
You worshipped Hepliaklqana.
Hepliaklqana was aware of your devotion.
You were not hungry.

You visited 2 branches of the dungeon, and saw 7 of its levels.

You collected 284 gold pieces.

Inventory:

Hand Weapons
 a - a +0 long sword (weapon)
Missiles
 d - 6 throwing nets (quivered)
Armour
 g - a +0 pair of gloves (worn)
 x - a +0 chain mail (worn)
Jewellery
 b - a +4 ring of dexterity (right hand)
 c - an uncursed ring of flight {unknown}
 f - an uncursed ring of teleportation
 k - a ring of protection from fire (left hand)
Wands
 C - a wand of iceblast (9/15)
 H - a wand of slowing (21/48)
 J - a wand of iceblast (6/15)
Scrolls
 i - 7 scrolls of remove curse
 n - a scroll of enchant weapon {unknown}
 q - a scroll of recharging {unknown}
 r - a scroll of amnesia {unknown}
 v - 5 scrolls of identify {unknown}
 w - a scroll of teleportation {unknown}
 y - 2 scrolls of random uselessness {unknown}
 D - a scroll of immolation {unknown}
 E - 2 scrolls of blinking {unknown}
 F - a scroll of fog {unknown}
Potions
 e - a potion of invisibility {unknown}
 h - a potion of heal wounds {unknown}
 j - a potion of cure mutation {unknown}
 l - a potion of lignification {unknown}
 m - 3 potions of might {unknown}
 o - 4 potions of flight {unknown}
 s - a potion of haste {unknown}
 u - a potion of degeneration {unknown}
 G - a potion of agility {unknown}
 I - a potion of cancellation {unknown}
Books
 z - a book of Misfortune

   Spells                             Type                      Level
   a - Confusing Touch                Hexes                        1
   b - Confuse                        Hexes                        3
   c - Gell's Gravitas                Hexes/Translocation          3
   d - Petrify                        Transmutation/Earth          4
   e - Metabolic Englaciation         Hexes/Ice                    5
   f - Yara's Violent Unravelling     Hexes/Transmutation          5
Comestibles
 p - 3 meat rations
 t - 2 beef jerkies
 A - 3 bread rations
 B - a fruit


   Skills:
 + Level 4.8 Fighting
 + Level 7.4 Long Blades
 - Level 1.7 Throwing
 + Level 5.2 Armour
 + Level 4.1 Dodging


You had 7 spell levels left.
You didn't know any spells.

Dungeon Overview and Level Annotations

Branches:
Dungeon (6/15)             Temple (1/1) D:4

Altars:
Ashenzari
Cheibriados
Dithmenos
Elyvilon
Fedhas
Gozag
Hepliaklqana
Makhleb
Nemelex Xobeh
Okawaru
Qazlal
Ru
Sif Muna
Trog
Uskayaw
Vehumet
Xom
Yredelemnul
Zin
The Shining One


Innate Abilities, Weirdness & Mutations

You have a pair of horns on your head.
You regenerate a little health from kills.
You are mostly covered in sharp spines.
Your life essence is reduced. (-10% HP)


Message History

Appia hits the orc.
The orc dies!
The orc wizard hits you but does no damage.
You slash the orc wizard!
The orc wizard is severely wounded.
The orc priest closely misses you.
You riposte.
You hit the orc priest but do no damage.
Your headbutt misses the orc priest.
The orc priest is moderately wounded.
The orc wizard points at you and mumbles some strange words.
The magic dart hits you!
You hit the orc wizard. Your headbutt misses the orc wizard.
The orc wizard is almost dead.
The orc priest mumbles some strange prayers to Beogh against you.
Beogh smites you!
* * * LOW HITPOINT WARNING * * *
Appia closely misses the orc wizard.
The orc wizard casts a spell at you. The puff of frost hits you!
You die...

........# ........##
##### .........##
...## ..........#
....## .........####
.....### ........#...#
#.......
............## #....#
.............###)o.##
....##..........@o..#
..#####...####..R....#
### ##..# ##.......#
.## #..# ##..####..
#.## #.## #..# # ##.##
#.# #.#.# #..## #.##
#....# ##...###..#
..#... ......#...##


You could see the friendly Appia the ancestor, an orc priest and an orc wizard.

Vanquished Creatures
  The ghost of Nicoed the Digger, a novice OpEE of Vehumet (D:6)
  Sigmund (D:4)
  Edmund (D:4)
  A centaur (D:5)
  4 scorpions
  A crimson imp (D:6)
  2 orc priests
  3 orc wizards
  An iguana (D:4)
  3 worker ants (D:4)
  Robin (D:4)
  5 adders
  7 gnolls
  A shadow imp (D:5)
  A worm (D:3)
  2 dart slugs
  3 leopard geckos
  11 orcs
  2 ball pythons
  10 bats
  3 giant cockroaches
  12 goblins
  4 hobgoblins
  8 jackals
  3 quokkas
  4 frilled lizards
  7 kobolds
  7 rats
109 creatures vanquished.

Vanquished Creatures (collateral kills)
  A centaur skeleton (D:6)
  An orc priest (D:5)
  A hound skeleton (D:5)
  5 orcs
8 creatures vanquished.

Vanquished Creatures (others)
  2 ancestors
2 creatures vanquished.

Grand Total: 119 creatures vanquished

Notes
Turn   | Place    | Note
-------+----------+-------------------------------------------
     0 | D:1      | grisgris the Demonspawn Gladiator began the quest for the Orb.
     0 | D:1      | Reached XP level 1. HP: 16/16 MP: 1/1
   202 | D:1      | Gained mutation: You are partially covered in sharp spines. [demonic ancestry]
   202 | D:1      | Reached XP level 2. HP: 20/22 MP: 2/2
   333 | D:1      | Reached skill level 3 in Long Blades
   631 | D:1      | Gained mutation: You regenerate a little health from kills. [demonic ancestry]
   631 | D:1      | Reached XP level 3. HP: 27/27 MP: 3/3
  1151 | D:2      | Found a deep blue altar of Sif Muna.
  1169 | D:2      | Reached XP level 4. HP: 25/34 MP: 4/4
  1523 | D:3      | Reached skill level 1 in Armour
  1735 | D:3      | Found a deep blue altar of Sif Muna.
  2077 | D:4      | Noticed Robin
  2085 | D:4      | Killed Robin
  2085 | D:4      | Gained mutation: You have a pair of small horns on your head. [demonic ancestry]
  2085 | D:4      | Reached XP level 5. HP: 39/39 MP: 5/5
  2122 | D:4      | Noticed Sigmund
  2139 | D:4      | Killed Sigmund
  2139 | D:4      | Reached skill level 4 in Long Blades
  2139 | D:4      | Reached XP level 6. HP: 31/47 MP: 6/6
  2408 | D:4      | Reached skill level 5 in Long Blades
  2480 | D:4      | Noticed Edmund
  2506 | D:4      | Killed Edmund
  2506 | D:4      | Gained mutation: You are mostly covered in sharp spines. [demonic ancestry]
  2506 | D:4      | Reached XP level 7. HP: 23/52 MP: 7/7
  2646 | D:4      | Found a staircase to the Ecumenical Temple.
  2665 | Temple   | Entered the Ecumenical Temple
  2673 | Temple   | Became a worshipper of Hepliaklqana the Forgotten
  3086 | D:4      | Found a glowing silver altar of Zin.
  3525 | D:5      | Entered Level 5 of the Dungeon
  3533 | D:5      | Reached skill level 6 in Long Blades
  3624 | D:5      | Found a white marble altar of Elyvilon.
  3927 | D:5      | Found an opulent altar of Gozag.
  4084 | D:6      | Gained mutation: You have a pair of horns on your head. [demonic ancestry]
  4084 | D:6      | Reached XP level 8. HP: 54/54 MP: 8/8
  4086 | D:6      | Noticed Nicoed's ghost (novice OpEE)
  4114 | D:6      | Killed Nicoed's ghost
  4114 | D:6      | Reached skill level 7 in Long Blades
  4114 | D:6      | Reached skill level 5 in Armour
  4145 | D:6      | Found a basalt altar of Yredelemnul.
  4145 | D:6      | Found a hide-covered altar of Uskayaw.
  4175 | D:6      | Reached * piety under Hepliaklqana
  4399 | D:6      | Killed from afar by an orc wizard

Skill      XL: |  1  2  3  4  5  6  7  8 |
---------------+-------------------------+-----
Dodging        | 3 4 |  4.1
Long Blades    | 3 4 5 6 7 |  7.4
Armour         | 1 2 3 4 5 |  5.2
Fighting       | 3 4 |  4.8
Throwing       | |  1.7

Action                   |  1- 3 |  4- 6 |  7- 9 || total
-------------------------+-------+-------+-------++-------
Melee: Long sword        |    85 |   114 |    68 ||   267
       Headbutt          |       |    24 |    18 ||    42
  Use: Scroll            |       |     2 |       ||     2
       Potion            |       |     2 |       ||     2
  Eat: Chunk             |     1 |     3 |       ||     4
       Bread ration      |       |     1 |       ||     1
       Fruit             |       |       |     3 ||     3
Armor: Leather armour    |    23 |       |       ||    23
       Scale mail        |     3 |       |       ||     3
       Chain mail        |       |    50 |    58 ||   108
Dodge: Dodged            |    81 |    48 |    26 ||   155
       Rpst.: Long sword |    27 |    14 |     8 ||    49
